[Event "German-ch Blitz Women 2022"]
[Site "Magdeburg"]
[Date "2022.08.13"]
[Round "11.9"]
[White "Schulze, Lara"]
[Black "Braun, Kristin"]
[Result "1-0"]
[ECO "B76"]
[WhiteElo "2292"]
[BlackElo "1897"]
[Annotator "TA"]
[PlyCount "49"]
[EventDate "2022.08.10"]
[EventType "tourn"]
[EventCountry "GER"]
[SourceTitle "playchess.com"]
[Source "ChessBase"]
[SourceQuality "1"]
[TimeControl "180+2"]

1. e4 c5 2. Nf3 d6 3. d4 cxd4 4. Nxd4 Nf6 5. Nc3 g6 6. Be3 Bg7 7. f3 O-O 8. Qd2 Nc6 9. O-O-O d5 10. exd5 Nxd5 11. Nxc6 bxc6 12. Bd4 e5 13. Bc5 Re8 {[%emt 0:00:10] is the new trend.} 14. h4 {[%emt 0:00:02] B76: Sicilian Dragon: Yugoslav Attack, 9 g4 and 9 0-0-0.} ({White should try} 14. Ne4 $14) 14... h5 (14... Qa5 $11 15. Nxd5 Qxc5) 15. Ne4 $14 Qc7 (15... Bf5 $14) 16. Bc4 {[%emt 0:00:30][%cal Bf1c4,Bc4b3,Bb3f7][%mdl 32] [#] Threatens to win with g4. White is more active. White is better.} Nb6 $146 {[%emt 0:00:38] [#]} (16... Bf5 $14) ({Predecessor:} 16... Be6 17. Bb3 Rad8 18. Qf2 Rd7 19. Rhg1 Nf4 20. Bxe6 Nxe6 21. g4 Rxd1+ 22. Rxd1 Nxc5 23. Qxc5 hxg4 24. fxg4 {1-0 (55) Schneider,A (1714)-Oberhofer,M (1771) Willingen 2021}) 17. Bb3 $18 {[%emt 0:00:06][%cal Og2g4] And now g4! would win.} Ba6 $2 (17... Be6 {keeps fighting.} 18. Bxe6 Rxe6) 18. Qd6 $2 (18. g4) 18... Qxd6 19. Nxd6 ({Much less strong is} 19. Rxd6 Bc4 $16) 19... Red8 (19... Rf8 {is a better defense.} 20. Kb1 Nd5 21. Bxd5 cxd5) 20. Bxf7+ Kh7 21. Bb3 Bh6+ 22. Kb1 Rd7 23. Ne4 {[%emt 0:00:03] [#] aiming for Nf6+.} Rxd1+ 24. Rxd1 Re8 $2 (24... Bf8 25. Bd6 Bc4 26. Bxe5 Bxb3) 25. Nf6+ {[%emt 0:00:02] Black got outplayed after the opening.  Weighted Error Value: White=0.41/Black=0.61} 1-0

[Event "German-ch Blitz Women 2022"]
[Site "Magdeburg"]
[Date "2022.08.13"]
[Round "11.10"]
[White "Nikolaeva, Mariya A"]
[Black "Grabowski, Petra"]
[Result "1-0"]
[ECO "C02"]
[WhiteElo "1309"]
[BlackElo "1643"]
[Annotator "NA RC COMBH"]
[PlyCount "115"]
[EventDate "2022.08.10"]
[EventType "tourn"]
[EventCountry "GER"]
[SourceTitle "playchess.com"]
[Source "ChessBase"]
[SourceQuality "1"]
[TimeControl "180+2"]

1. e4 e6 2. d4 d5 3. e5 c5 4. c3 Nc6 5. Nf3 Bd7 6. a3 Qc7 7. b4 cxd4 8. cxd4 f6 9. exf6 Nxf6 10. Bd3 Bd6 11. Bb2 O-O 12. Nbd2 a5 13. b5 Ne7 14. a4 b6 15. Rc1 Qd8 16. O-O Rc8 17. Qe2 Ng6 18. Bxg6 hxg6 19. Nh4 g5 20. Ng6 Rf7 21. Nf3 Be8 22. Qxe6 Kh7 23. Rxc8 Qd7 24. Rxe8 Nxe8 25. Qxd7 Rxd7 26. Nge5 Re7 27. Nxg5+ Kg8 28. Ngf3 Nf6 29. Rc1 Ne4 30. h3 Bc7 31. Nc6 Rf7 32. Bc3 Bd6 33. Be1 Bc7 34. Nfe5 Rf4 35. Ne7+ Kh7 36. Rxc7 Kh6 37. Rc6+ Nf6 38. Ng8+ Kg5 39. Nxf6 gxf6 40. Nf3+ Kg6 41. Bd2 Re4 42. Rxb6 Re2 43. Kf1 Re4 44. Rc6 Kf7 45. b6 Ke7 46. b7 Kd7 47. Rc5 Re8 48. Bxa5 Rb8 49. Rc7+ Kd6 50. Bb6 f5 51. a5 f4 52. a6 Ke6 53. a7 Rf8 54. b8=Q Rxb8 55. axb8=Q Kf6 56. Qf8+ Kg6 57. Rg7+ Kh6 58. Qh8# 1-0

[Event "German-ch Blitz Women 2022"]
[Site "Magdeburg"]
[Date "2022.08.13"]
[Round "11.11"]
[White "Zhou, Lepu Coco"]
[Black "Khrapko, Marharyta"]
[Result "0-1"]
[ECO "B32"]
[WhiteElo "1986"]
[BlackElo "2128"]
[Annotator "TA"]
[PlyCount "72"]
[EventDate "2022.08.10"]
[EventType "tourn"]
[EventCountry "GER"]
[SourceTitle "playchess.com"]
[Source "ChessBase"]
[SourceQuality "1"]
[TimeControl "180+2"]

1. e4 c5 2. Nf3 Nc6 3. d4 cxd4 4. Nxd4 e5 5. Nb5 d6 6. c4 Be6 $1 {[%emt 0:00:08][%mdl 4] is recently more successful than 6...Be7.} 7. N1c3 a6 8. Na3 g6 {[%emt 0:00:03] B32: Sicilian: Löwenthal and Kalashnikov Variations.} 9. Bd3 Bg7 10. O-O (10. Nd5 {looks sharper.} Nf6 11. Bg5 h6 12. Be3) 10... Nge7 {[%emt 0:00:11] [#] The position is equal.} 11. f4 $146 (11. Nd5 $14 {keeps the upper hand.}) ({Predecessor:} 11. Nc2 O-O 12. Bg5 Qd7 13. Qd2 Rac8 14. b3 Nd4 15. Nxd4 exd4 16. Ne2 Rfe8 17. Rad1 {1-0 (28) Zawadzka,J (2412)-Wikar,M (2160) Bydgoszcz 2022}) 11... exf4 $17 12. Bxf4 (12. Rxf4 $17 O-O 13. Kh1) 12... Qb6+ $19 13. Kh1 (13. Rf2 {is a better defense.} Bd4 14. Qd2) 13... Qxb2 14. Ncb5 (14. Nd5 $142 Qxa3 15. Nc7+ Kd7 16. Nxa8 Rxa8 17. Rb1) 14... axb5 ({And not} 14... Qxa1 15. Qxa1 Bxa1 16. Nxd6+ Kf8 17. Rxa1 $17) 15. Nxb5 Qxa1 16. Nxd6+ Kf8 17. Qf3 (17. Qxa1 $142 Bxa1 18. Rxa1) 17... Qxa2 18. Bg5 Ne5 19. Qe3 Nxd3 20. Qxd3 h6 21. Bxe7+ Kxe7 22. Nxb7 Qa3 23. Qd2 Rab8 24. c5 Rxb7 25. Qd6+ Ke8 {[%emt 0:00:01] [#] Hoping for ...Rd7.} 26. Qc6+ Rd7 {[%emt 0:00:04] ( -> ...Be5)} 27. Rb1 Be5 28. Qb6 Qa7 29. Qb5 Ke7 30. c6 Rc7 31. Rd1 Bf6 32. Qb4+ Ke8 33. Qb5 Be7 34. Rb1 Kf8 {[%emt 0:00:02] [#] Threatens to win with ...Kg7.} 35. Qb8+ Qxb8 36. Rxb8+ Kg7 {[%emt 0:00:00] White did not feel at home in the position after the opening.  Weighted Error Value: White=1.46/Black=0.28 (precise)} 0-1

[Event "German-ch Blitz Women 2022"]
[Site "Magdeburg"]
[Date "2022.08.13"]
[Round "11.12"]
[White "Muetsch, Annmarie"]
[Black "Daemering, Katrin"]
[Result "0-1"]
[ECO "B52"]
[WhiteElo "2249"]
[BlackElo "1965"]
[Annotator "TA"]
[PlyCount "80"]
[EventDate "2022.08.10"]
[EventType "tourn"]
[EventCountry "GER"]
[SourceTitle "playchess.com"]
[Source "ChessBase"]
[SourceQuality "1"]
[TimeControl "180+2"]

1. e4 c5 2. Nf3 d6 3. Bb5+ Bd7 4. c4 e6 5. Nc3 Nf6 6. O-O {[%emt 0:00:03] B52: Sicilian: Moscow Variation with 3...Bd7.} Be7 7. d4 cxd4 8. Nxd4 {[%emt 0:00:01] White has an edge.} O-O 9. Re1 a6 {[%emt 0:00:10] [#]} 10. Ba4 $146 ({Predecessor:} 10. Bxd7 Nbxd7 11. b3 Qc7 12. Bb2 Rfe8 13. Qd3 Ne5 14. Qg3 Ng6 15. Rad1 Rad8 16. Kh1 Qa5 17. Nc2 Rd7 18. Rf1 Qh5 19. f4 Qg4 20. Qf2 {0-1 (41) Ali,M (2399)-Lorenzo,K (1769) Tornelo INT 2021}) 10... Qc7 11. Bb3 Nc6 12. Nxc6 Bxc6 13. Bf4 Rfd8 14. Qe2 Rac8 15. Rad1 h6 16. c5 e5 17. cxd6 $1 Bxd6 18. Bc1 Bb4 19. Qf3 ({White should try} 19. Rxd8+ $11 Rxd8 20. f3) 19... Bxc3 (19... Rxd1 $15 20. Rxd1 Bxc3 21. Qxc3 Nxe4) 20. bxc3 (20. Rxd8+ $11 {remains equal.} Qxd8 21. bxc3) 20... Rxd1 $40 {[%emt 0:00:09][%mdl 128] Black has strong attack.} 21. Bxd1 Bxe4 22. Qe2 ({Not} 22. Rxe4 $2 Nxe4 23. Qxe4 Qxc3 24. Bxh6 Rd8 $19) (22. Qg3 $17 {keeps fighting.}) 22... Qxc3 23. Bb2 Qc5 24. h3 Rd8 25. Bb3 b5 (25... Re8 $17 26. Qd2 Qc6) 26. Kh2 (26. Rc1 $15 Qe7 27. f3) 26... Qb4 ({Better is} 26... Re8 27. Qd2 a5) 27. f3 $2 (27. Bxe5 $17 {was necessary.} Bd5 28. Rd1) 27... Rd2 28. Qe3 Bb7 $4 (28... Rxb2 $19 29. fxe4 Qd2 30. Qxd2 Rxd2) 29. Bxe5 $2 {[%emt 0:00:02] A strong pair of Bishops.} ({White has to play} 29. Bc3 $18 Qd6 30. Qxd2 Qxd2 31. Bxd2) 29... Nd5 $11 30. Qe4 (30. Qa7 $11 {keeps the balance.} Bc8 31. Re4) 30... Qc5 $2 (30... Qxe4 $17 {and life is bright.} 31. Rxe4 Ne7) 31. Bd4 $4 Rxd4 $19 32. Qe8+ Kh7 33. Re2 $2 (33. Qxf7 {was the only defense.} Qd6+ 34. Kh1) 33... Nf4 $2 (33... Qc7+ $19 34. Kh1 Qf4) 34. Bc2+ $2 (34. Bxf7 $11 {and White is okay.} Qc8 35. Bg8+ Kh8 36. Bd5+ Qxe8 37. Rxe8+ Kh7 38. Bxb7) 34... g6 $4 (34... f5 $19 35. Qf7 {[#]} Qd6 $1 36. Bxf5+ Ng6+ 37. Kg1 Rd1+ 38. Kf2 Bc8 $1 ) 35. Rf2 $4 (35. Qxf7+ Kh8 36. Re8+ Qf8 37. Rxf8#) 35... Qc7 {[%emt 0:00:03] And now ...Bc6 would win.} 36. g3 Ne6 {[%emt 0:00:01] ...Rd8 is the strong threat.} 37. Bb3 Rd3 {[%emt 0:00:01] Hoping for ...Ng5.} 38. f4 {[%emt 0:00:02] Prevents Ng5.} Re3 39. f5 Ng7 $4 40. Qf8 $4 (40. fxg6+ {is the narrow road to win.} Kxg6 41. Bxf7+ Qxf7 42. Qxf7+ Kh7 43. Qxb7 Re5 44. Rf7 Rg5 45. Qe4+ Kg8 46. Ra7) 40... Qxg3# {[%emt 0:00:02] Weighted Error Value: White=1.14/Black=0.92} 0-1

[Event "German-ch Blitz Women 2022"]
[Site "Magdeburg"]
[Date "2022.08.13"]
[Round "12.1"]
[White "Paehtz, Elisabeth"]
[Black "Daemering, Katrin"]
[Result "1-0"]
[ECO "A41"]
[WhiteElo "2484"]
[BlackElo "1965"]
[Annotator "TA"]
[PlyCount "95"]
[EventDate "2022.08.10"]
[EventType "tourn"]
[EventCountry "GER"]
[SourceTitle "playchess.com"]
[Source "ChessBase"]
[SourceQuality "1"]
[TimeControl "180+2"]

1. d4 d6 2. Nf3 g6 3. c3 Bg7 4. Bg5 Nd7 5. e4 c5 6. Bd3 {[%emt 0:00:07] A40: Unusual replies to 1 d4.} Ngf6 7. O-O h6 8. Bh4 (8. Be3 $14) 8... O-O 9. e5 {[%emt 0:00:07] [#]} Ne8 $146 (9... dxe5 $11 10. dxe5 Ng4) ({Predecessor:} 9... dxe5 10. dxe5 Ng4 11. e6 Nde5 12. exf7+ Kh7 13. Nxe5 Nxe5 14. Bc2 Qxd1 15. Rxd1 Nc6 {1-0 (61) Baldursson,R (1984)-Holgarsson,R (1454) Faroe Islands 2019}) 10. Re1 {[%emt 0:00:33] White is more active.} (10. e6 $16) 10... dxe5 $14 11. dxe5 {[%emt 0:00:01] [#] aiming for e6.} Qb6 {[%emt 0:00:29] This costs Black the game.} (11... Nc7 $16) 12. Qc2 ({Don't play} 12. Bxe7 Qxb2 13. Nbd2 Qxc3 $18) 12... Nc7 13. Bxe7 Re8 14. Bd6 Nd5 (14... Nf8 $142 15. Nbd2 Be6) 15. Nbd2 $18 Nf4 16. Nc4 Qc6 17. Be4 Qb5 18. b3 a5 19. a4 Qa6 20. Rad1 Ne6 21. Bd5 {[%emt 0:00:05] Black must now prevent Nh4.} Ndf8 22. Qd2 Bd7 23. Bxf8 Bxf8 24. Qe3 {[%emt 0:00:09][%cal Oc4d6] Hoping for Nd6!} Rac8 $2 (24... Bc6 {might work better.} 25. Nd6 Bxd5) 25. Nfd2 {[%emt 0:00:02] [#] Ne4 is the strong threat.} b5 $2 (25... Nc7 26. Ne4 Nxd5 27. Rxd5 Bf5 28. Nf6+ Kg7 29. Nxe8+ Rxe8) 26. axb5 Bxb5 27. Ne4 Bxc4 28. Bxc4 Qb6 29. Nf6+ Kg7 30. Nxe8+ Rxe8 31. Qf3 Be7 {[%emt 0:00:02] Against Qf6+} 32. h3 Ng5 33. Qe3 Qc6 34. Rd5 a4 35. bxa4 Qxa4 36. Qd3 Qc6 37. Rd1 Qc7 38. f4 {[%emt 0:00:05][%cal Bf2f4,Bf4f5,Bf5f6][%mdl 32] Threatens to win with Rd7.} Ne6 39. Qf3 {[%emt 0:00:04] And now Rd7 would win.} Qb7 40. f5 Ng5 41. f6+ Kh7 42. Qd3 Bf8 43. h4 {[%emt 0:00:04] White mates.} Ne6 44. Rd7 Nf4 45. Rxb7 Nxd3 46. Rxd3 Rxe5 47. Rxf7+ Kg8 48. Rdd7 {[%emt 0:00:04] Weighted Error Value: White=0.39/Black=0.80} 1-0

[Event "German-ch Blitz Women 2022"]
[Site "Magdeburg"]
[Date "2022.08.13"]
[Round "12.2"]
[White "Khrapko, Marharyta"]
[Black "Muetsch, Annmarie"]
[Result "0-1"]
[ECO "C41"]
[WhiteElo "2128"]
[BlackElo "2249"]
[Annotator "TA"]
[PlyCount "50"]
[EventDate "2022.08.10"]
[EventType "tourn"]
[EventCountry "GER"]
[SourceTitle "playchess.com"]
[Source "ChessBase"]
[SourceQuality "1"]
[TimeControl "180+2"]

1. e4 d6 2. d4 Nf6 3. Nc3 e5 4. Nf3 Nbd7 5. Bc4 Be7 6. O-O c6 7. Re1 Qc7 {[%emt 0:00:02] 7...h6 is becoming the main line.} 8. a4 h6 {[%emt 0:00:02] C41: Philidor Defence.} 9. a5 Nf8 10. b3 ({White should play} 10. Nh4 $14) 10... Bg4 {[%emt 0:00:15] [#]} (10... Ng6 $11) 11. dxe5 $146 (11. h3 $14 Bh5 12. Qd3) ({Predecessor:} 11. Be3 Ng6 12. Be2 O-O 13. h3 Be6 14. Qd3 Rfd8 15. d5 cxd5 16. exd5 Bd7 17. Nd2 {0-1 (48) Sumer,G (1969)-Olcum,A (2315) Ankara 2019}) 11... dxe5 $11 12. Bb2 (12. h3 $5 Rd8 13. Qe2 $11) 12... Ne6 13. h3 (13. Bxe6 $11 {keeps the balance.} Bxe6 14. Ne2) 13... Rd8 $17 14. Bd3 Bh5 15. Ne2 (15. Nb1 $17) 15... Bxf3 $19 16. gxf3 Nh5 {[%emt 0:00:31] Inhibits f4.} 17. Kh2 Nef4 (17... Bc5 $19 18. Rg1 Bxf2) 18. Nxf4 Nxf4 $40 {[%emt 0:00:03][%mdl 128] Black is out for blood.} 19. Rg1 Qd7 (19... O-O $142 20. Bc1 Bg5) 20. Qf1 $17 Bf6 {[%emt 0:00:24][%cal Be7f6,Bf6h4,Bh4g3][%mdl 32] Black is more active.} ({Reject} 20... Nxd3 $6 21. Rd1 $11) 21. Bc4 Qc8 22. Ba3 Rd2 {[%emt 0:00:05][%cal Od2f2] [#] Hoping for ...Rxf2+!} 23. Rg3 $2 (23. Bc5 $17 {is a better defense.}) 23... Bh4 $19 ({Weaker is} 23... Rxc2 24. Bc5 $17) 24. Qe1 $2 (24. Bc5 $19 Bxg3+ 25. Kxg3) 24... Bxg3+ 25. Kg1 {[%emt 0:00:07] [#]} Qxh3 $1 {[%emt 0:00:08] Weighted Error Value: White=0.87/Black=0.21 (precise)} 0-1

[Event "German-ch Blitz Women 2022"]
[Site "Magdeburg"]
[Date "2022.08.13"]
[Round "12.3"]
[White "Grabowski, Petra"]
[Black "Zhou, Lepu Coco"]
[Result "0-1"]
[ECO "D26"]
[WhiteElo "1643"]
[BlackElo "1986"]
[Annotator "TA RC"]
[PlyCount "98"]
[EventDate "2022.08.10"]
[EventType "tourn"]
[EventCountry "GER"]
[SourceTitle "playchess.com"]
[Source "ChessBase"]
[SourceQuality "1"]
[TimeControl "180+2"]

1. d4 d5 2. c4 dxc4 3. Nf3 Nf6 4. e3 e6 5. Bxc4 a6 6. O-O c5 7. dxc5 Bxc5 8. Qxd8+ Kxd8 9. Ne5 {[%emt 0:00:15] 9.Ne5 is the recent fashion. D27: Queen's Gambit Accepted: Classical main line: 7 e4!? and 7 a4.} Ke7 {[%emt 0:00:02] [#]} 10. Nc3 $146 (10. Be2 $14) ({Predecessor:} 10. Be2 Nbd7 11. Nc4 b6 12. Nbd2 a5 13. Nb3 Ba6 14. Nxc5 bxc5 15. f3 Rhb8 16. e4 Nb6 17. Nxb6 Rxb6 18. Bxa6 Raxa6 19. Rf2 a4 20. Rc2 Nd7 {½-½ (20) L'Ami,E (2621)-Vachier Lagrave,M (2761) Germany 2022}) 10... Nbd7 11. Nxd7 {[%emt 0:00:08] The position is equal.} Bxd7 12. e4 (12. Rd1 $11) 12... Bc6 13. Bg5 (13. Re1 $15) 13... h6 $17 14. Bxf6+ gxf6 15. Kh1 (15. Rac1 $17) 15... Rhg8 (15... Rhd8 $19 16. f3 Rd2) 16. f3 Rad8 17. Rad1 {[%emt 0:00:03] Prevents Rd2.} b5 18. Be2 b4 19. Nb1 {[%emt 0:00:08] [#] Rc1 is the strong threat.} a5 $2 {[%emt 0:00:02][%mdl 8192] Black is more active.} (19... Rxd1 $17 {keeps the pressure on.} 20. Rxd1 Bb5 21. Bxb5 axb5) 20. Rxd8 $2 (20. Rc1 $18) 20... Rxd8 $11 21. Rd1 $2 (21. Rc1 $11 {and White is okay.} Kd6 22. Nd2) 21... Rxd1+ $19 22. Bxd1 {[%emt 0:00:01][%mdl 4096] Endgame [#] KBB-KBN} a4 (22... Be3 $1 $19 {has better winning chances. Hoping for ...Bb5.} 23. g3 Bb5) 23. a3 $2 (23. Nd2 $17) 23... bxa3 ({Avoid the trap} 23... Bd4 $2 24. axb4 Bxb2 25. Kg1 $19) (23... b3 $19 {is more deadly.} 24. Nd2 Bb5 25. Bxb3 axb3 26. Nxb3 Be3) 24. Nxa3 $17 Bd4 ({Black should play} 24... f5 $19 25. Nc4 fxe4 26. fxe4 Bd4) 25. b3 $2 (25. Nc4 $17 {was the crucial defense.}) 25... Bc5 $19 26. Nc4 a3 27. Nxa3 Bxa3 28. Kg1 Kd6 29. Kf2 Kc5 30. Ke3 Kb4 31. Kd3 Bb5+ 32. Kd4 Bb2+ 33. Ke3 Kc3 {[%emt 0:00:03] White must now prevent ...Bc1+.} 34. g4 Bc1+ 35. Kf2 Kd2 {[%emt 0:00:01] Black mates.} 36. f4 Kxd1 37. Kf3 Kc2 38. g5 fxg5 39. fxg5 Bxg5 40. Kg4 Be2+ 41. Kg3 Kxb3 42. h4 Be3 43. e5 Kc4 44. Kg2 Kd4 45. Kg3 Kxe5 46. Kg2 f5 47. Kg3 f4+ 48. Kg2 f3+ 49. Kg3 f2 {Weighted Error Value: White=0.90/Black=0.49} 0-1

[Event "German-ch Blitz Women 2022"]
[Site "Magdeburg"]
[Date "2022.08.13"]
[Round "12.4"]
[White "Braun, Kristin"]
[Black "Nikolaeva, Mariya A"]
[Result "1/2-1/2"]
[ECO "C50"]
[WhiteElo "1897"]
[BlackElo "1309"]
[Annotator "NA RC COMBH"]
[PlyCount "134"]
[EventDate "2022.08.10"]
[EventType "tourn"]
[EventCountry "GER"]
[SourceTitle "playchess.com"]
[Source "ChessBase"]
[SourceQuality "1"]
[TimeControl "180+2"]

1. e4 e5 2. Nf3 Nc6 3. Bc4 Bc5 4. d3 Nf6 5. c3 d6 6. Nbd2 h6 7. h3 a5 8. Bb3 Be6 9. Nf1 Bxb3 10. axb3 Bb6 11. Be3 Bxe3 12. Nxe3 Ne7 13. g4 Ng6 14. Nf5 Rg8 15. g5 hxg5 16. Nxg5 Nf4 17. Qf3 N6h5 18. h4 f6 19. Nh3 Qd7 20. O-O-O Qb5 21. Kc2 a4 22. b4 a3 23. Ra1 Qa4+ 24. b3 Qc6 25. Rhg1 g6 26. Nxf4 Nxf4 27. Ne3 Qb5 28. Nd5 Nxd5 29. exd5 Ke7 30. Qe4 f5 31. Qe3 Kf7 32. Qg5 c5 33. dxc6 bxc6 34. h5 Qb6 35. hxg6+ Ke8 36. Qe3 Qc7 37. f4 Qe7 38. Qb6 Qd7 39. fxe5 dxe5 40. Qc5 Rg7 41. Qxe5+ Qe7 42. Qxe7+ Kxe7 43. d4 Kf6 44. Ra2 Rxg6 45. Rxg6+ Kxg6 46. Kd3 Kg5 47. Ke3 f4+ 48. Kf3 Kf5 49. c4 Kg5 50. Ke4 Re8+ 51. Kf3 Ra8 52. b5 cxb5 53. cxb5 Rb8 54. Rxa3 Rxb5 55. Kf2 Rb4 56. d5 Rd4 57. Ra5 Kg4 58. Ra8 Rxd5 59. Rg8+ Kf5 60. Rb8 Rd2+ 61. Kf3 Rd3+ 62. Kf2 Rc3 63. Rf8+ Ke4 64. Re8+ Kf5 65. Rf8+ Ke5 66. Re8+ Kf5 67. Rf8+ Ke5 1/2-1/2

[Event "German-ch Blitz Women 2022"]
[Site "Magdeburg"]
[Date "2022.08.13"]
[Round "12.5"]
[White "Skibbe, Diana"]
[Black "Schulze, Lara"]
[Result "0-1"]
[ECO "B21"]
[WhiteElo "1943"]
[BlackElo "2292"]
[Annotator "TA"]
[PlyCount "88"]
[EventDate "2022.08.10"]
[EventType "tourn"]
[EventCountry "GER"]
[SourceTitle "playchess.com"]
[Source "ChessBase"]
[SourceQuality "1"]
[TimeControl "180+2"]

1. e4 c5 2. f4 Nc6 3. Nf3 g6 4. g3 Bg7 5. Bg2 d6 6. c3 {[%emt 0:00:05] B21: Sicilian: 2 f4 and Morra Gambit.} Nf6 7. Qe2 O-O 8. O-O {[%emt 0:00:03] The position is equal.} e5 9. d3 Rb8 10. a4 a6 {[%emt 0:00:01] [#]} 11. h3 $146 (11. f5 $11) ({Predecessor:} 11. f5 gxf5 12. exf5 Re8 13. Bg5 d5 14. Na3 e4 15. dxe4 Rxe4 16. Qf2 Rxa4 17. Rad1 b5 {½-½ (32) Schenning,A (2079)-Khan,V (2066) LSS email 2012}) 11... Nh5 $15 12. Qf2 f5 13. Na3 (13. exf5 $1 $15 gxf5 14. Na3) 13... exf4 $17 14. gxf4 fxe4 15. Ng5 (15. dxe4 $17 Bh6 16. f5 Bxc1 17. Raxc1) 15... Be5 ({Black should try} 15... exd3 $19 {Threatens to win with ...Rf5.} 16. Bd5+ Kh8) 16. Bxe4 (16. Qh4 $17 Bf6 17. f5) 16... Bxf4 $19 ({Not} 16... Nxf4 $2 17. Bxf4 Bxf4 18. Bd5+ Kg7 19. Nf7 Rxf7 20. Bxf7 Qg5+ 21. Qg2 $19) 17. Bd5+ Kg7 {[%emt 0:00:02] Strongly threatening ...Qxg5+. Really sharp!} 18. Bxf4 (18. h4 Ne5 19. Bxf4 Nxf4 20. Qxf4 Rxf4 21. Rxf4) 18... Nxf4 19. Qh4 {[%emt 0:00:12] [#]} Qxg5+ $3 20. Qxg5 Nxh3+ {[%emt 0:00:01] Pair of Knights!} 21. Kh2 Nxg5 22. Rxf8 Kxf8 23. Nc4 Ne7 24. Rf1+ Kg7 25. Bg2 d5 26. Nd6 Bf5 27. d4 cxd4 28. cxd4 Ne4 29. Bxe4 dxe4 30. b4 b6 {[%emt 0:00:01] [#] And now ...Rd8 would win.} 31. Nc4 b5 32. axb5 axb5 33. Ne5 Rd8 34. Rd1 Nd5 35. Rb1 Nf4 36. Kg3 Ne2+ 37. Kf2 Nxd4 38. Ke3 Ne6 {[%emt 0:00:02] ( -> ...Kf6)} 39. Nc6 Rd3+ {[%emt 0:00:01] Black mates.} 40. Ke2 Nd4+ 41. Nxd4 Rxd4 42. Ke3 Rd3+ 43. Kf4 Kf6 44. Rc1 Rf3# {[%emt 0:00:01] White got outplayed after the opening.  Weighted Error Value: White=0.53/Black=0.15 (very precise)} 0-1

[Event "German-ch Blitz Women 2022"]
[Site "Magdeburg"]
[Date "2022.08.13"]
[Round "12.6"]
[White "Rath, Alina"]
[Black "Melamed, Tatjana"]
[Result "0-1"]
[ECO "A21"]
[WhiteElo "2062"]
[BlackElo "2380"]
[Annotator "TA"]
[PlyCount "116"]
[EventDate "2022.08.10"]
[EventType "tourn"]
[EventCountry "GER"]
[SourceTitle "playchess.com"]
[Source "ChessBase"]
[SourceQuality "1"]
[TimeControl "180+2"]

1. c4 e5 2. Nc3 Bb4 3. Nd5 Bc5 4. g3 c6 5. Nc3 Nf6 (5... d5 $15 {is more appropriate.}) 6. Bg2 {A21: English Opening: 1...e5 2 Nc3.} O-O 7. e3 d5 8. d4 {The position is equal.} exd4 9. exd4 Bb4 (9... Bg4 10. f3 Bf5 11. dxc5 $16) 10. cxd5 {[#]} Re8+ $146 (10... cxd5 11. Nge2 $11) ({Predecessor:} 10... Nxd5 11. Nge2 Bg4 12. O-O Nxc3 13. bxc3 Bxc3 14. Rb1 Bxd4 15. h3 Bxe2 16. Qxe2 Bb6 {0-1 (38) Krasnov,S (1962)-Sherwood,P (1784) San Francisco 2012}) 11. Nge2 $1 Bg4 (11... cxd5 12. O-O $11) 12. f3 Bf5 (12... Nxd5 $5 13. Bd2 Be6 $11) 13. O-O cxd5 (13... Nxd5 $15 14. Rf2 Ba5) 14. a3 Bxc3 15. Nxc3 Nc6 16. Bg5 Be6 (16... h6 $11 {remains equal.} 17. Bxf6 Qxf6) 17. Qd2 (17. f4 $16 Ne7 18. Bxf6 gxf6 19. Rf2) 17... h6 $11 18. Be3 Na5 19. Bf2 $2 (19. Qf2 $11) 19... Nb3 $1 $17 20. Qd3 Nxa1 21. Rxa1 Qd7 22. g4 Rac8 23. h3 a6 24. f4 Ne4 $2 ({Black should play} 24... Qd6 $19 25. f5 Bd7) 25. Nxe4 $2 (25. f5 $1 $11) 25... dxe4 $19 26. Bxe4 Bd5 $2 (26... f5 $19 27. gxf5 Bd5) 27. Bf5 $15 Be6 (27... Qd6 $11 28. Bxc8 Rxc8) 28. Be4 $1 $19 Bc4 29. Qf3 Qb5 30. b4 Be2 31. Qg2 Qc4 32. Bxb7 Qc3 33. Re1 {[#]} Rcd8 (33... Bd3 $1 $19 34. Qg3 (34. Bxc8 $2 Rxe1+ 35. Kh2 Be4 $19) 34... Rxe1+ 35. Bxe1 Qxd4+ 36. Qf2 Qxf2+ 37. Kxf2 Rc2+ 38. Ke3 Bb5) 34. Bc6 Re6 {Black is more active.} (34... Re7 $17 {[%cal Oe2f3] aiming for ...Bf3!} 35. Be4 Qd2) 35. d5 $11 {[#]} Bf3 $2 {[#]} ({Black should try} 35... Rxc6 $1 $11 36. dxc6 Bb5) 36. Qf1 $2 (36. dxe6 $1 $16 Bxc6 37. e7) 36... Rxe1 $19 {Dancing on a razor blade.} ({Wrong is} 36... Bxd5 $2 37. Bxd5 Rxe1 38. Qxe1 $19) 37. Bxe1 Qe3+ 38. Qf2 Qxf2+ ({Weaker is} 38... Qxf4 39. d6 $16) (38... Qxa3 $19 39. Qd2 Qb3) 39. Bxf2 (39. Kxf2 $17 Bxd5 40. Ba4) 39... Bxd5 40. Bxd5 (40. Bb6 {is a better defense.} Rd6 41. Bxd5) 40... Rxd5 {[%mdl 4096] Endgame KR-KB} 41. Kg2 Rd2 42. a4 Rb2 43. b5 axb5 44. axb5 Rxb5 45. Kf3 $2 (45. f5 {nothing else works.}) 45... Rb3+ 46. Be3 Kf8 {And now ...g6 would win.} 47. h4 $2 (47. Kf2) 47... Ke7 {[%cal Oh6h5] Hoping for ...h5!} 48. Ke4 Rb4+ 49. Kf3 {Threatens to win with Bc5+.} Ke6 (49... Kd6 $142 {...Kd5 is the strong threat.} 50. Bd2 Rb2) 50. Bc5 Rc4 51. Be3 (51. Bf8) 51... Kd5 52. h5 Rc2 $2 (52... Rc3 53. f5 Ke5) 53. g5 $2 (53. f5) 53... Rh2 54. Kg4 {Against Rh3} Ke4 {Black mates.} 55. Bc1 Rg2+ 56. Kh3 Kf3 57. gxh6 gxh6 58. f5 Rg1 {Weighted Error Value: White=0.98/Black=0.66} 0-1